AoeStats
← mauri90.hermosilla

Black Forest

510018427Analyzed
2v2 RM · 4d ago on Sep 29, 2026· 44m 14s· 4 players
Game mode
Random Map
Map size
Medium (4 player)
Population
200
Speed
Normal
Resources
Standard
Victory
Conquest
Starting age
Dark Age
Ending age
Imperial Age
RankedLock teamsTeams togetherTeam positionsShared explorationLock speedFull tech treeHidden civsTurbo modeCheats
Victory
Defeat
🇵🇪 Romans · Peru
991
+9
🇵🇪 Inca · Peru
664
+22
🇲🇽 Romans · Mexico
854
-17
🇨🇱 Spanish · Chile
768
-14
Sir Roderick
0:43 Loom
11:07 Feudal Age
11:41 Double-Bit Axe
11:37 Horse Collar
17:38 Castle Age
16:40 Gold Mining
18:25 Heavy Plow
19:02 Gold Shaft Mining
18:39 Bow Saw
24:04 Fervor
24:39 Man-at-Arms
26:32 Ballistics
26:34 Scale Mail Armor
26:45 Forging
26:37 Squires
25:58 Long Swordsman
29:19 Stone Mining
33:31 Imperial Age
31:47 Wheelbarrow
30:40 Pikeman
35:23 Chemistry
33:58 Halberdier
34:57 Chain Mail Armor
35:29 Heavy Scorpion
38:30 Siege Engineers
39:04 Iron Casting
40:45 Masonry
40:47 Capped Ram
42:04 Siege Ram
42:46 Murder Holes
43:53 Blast Furnace
43:22 Ballistas
LycanHunter
0:46 Loom
13:13 Feudal Age
18:38 Castle Age
17:38 Horse Collar
17:45 Double-Bit Axe
17:52 Gold Mining
17:54 Champi Runner
22:50 Town Watch
25:11 Crossbowman
27:21 Wheelbarrow
28:02 Fletching
28:31 Treadmill Crane
29:37 Andean Sling
31:19 Heavy Plow
31:49 Bodkin Arrow
32:41 Champi Warrior
32:43 Pikeman
35:40 Bow Saw
37:22 Hand Cart
38:05 Squires
42:58 Gold Shaft Mining
42:37 Elite Skirmisher
43:26 Thumb Ring
DarkKnight95604
0:26 Loom
12:22 Feudal Age
14:15 Horse Collar
14:24 Double-Bit Axe
14:33 Gold Mining
14:33 Stone Mining
23:18 Castle Age
21:55 Wheelbarrow
21:07 Town Watch
20:47 Man-at-Arms
22:01 Fletching
22:12 Padded Archer Armor
22:23 Forging
22:14 Scale Mail Armor
23:08 Bloodlines
25:03 Bodkin Arrow
25:48 Leather Archer Armor
27:16 Long Swordsman
28:55 Ballistas
31:29 Husbandry
32:18 Light Cavalry
43:02 Iron Casting
42:43 Scale Barding Armor
42:54 Chain Mail Armor
43:01 Ballistics
44:08 Bow Saw
mauri90.hermosilla
13:41 Feudal Age
15:00 Loom
17:26 Castle Age
15:17 Double-Bit Axe
16:24 Stone Mining
23:32 Horse Collar
24:05 Bow Saw
24:13 Caravan
27:02 Wheelbarrow
29:03 Gold Mining
29:26 Masonry
30:29 Forging
30:25 Scale Barding Armor
31:28 Husbandry
37:08 Imperial Age
36:12 Hand Cart
41:09 Fletching
41:41 Chain Barding Armor
41:47 Ballistics
43:28 Bloodlines
Connection lost

Rejoining the realm…

Still unreachable

The connection could not be restored.

Session expired

The server has moved on; the page needs a fresh start.